 Dungeon Sprint DCSS version 0.31-a0-806-g0bc164a743 (webtiles) character file.

Game seed: 11455323827468200206

43489 sircluck the Brawler (level 13, -7/158 HPs)
             Began as a Troll Berserker on Sept 19, 2023.
             Was a High Priest of Trog.
             Mangled by a +2 heavy glaive (19 damage)
             ... in the Dungeon (Sprint III: "The Ten Rune Challenge") on Sept 20, 2023.
             The game lasted 00:15:05 (3947 turns).

sircluck the Brawler (Troll Berserker)              Turns: 3947, Time: 00:15:07

Health: -7/158     AC:  8    Str: 32    XL:     13   Next: 20%
Magic:  0/12       EV: 18    Int:  3    God:    Trog [*****.]
Gold:   1441       SH:  0    Dex: 15    Spells: 12/12 levels left

rFire   . .          .
                       - Unarmed
rCold   . . .        (no shield)
rNeg    . . .        p - +2 troll leather armour {Snorg}
rPois   .            r - +1 hat {SInv}
rElec   .            (no cloak)
rCorr   .            (gloves unavailable)
SInv    +            (boots unavailable)
Will    .....        (no amulet)
Stlth   +            (no ring)
HPRegen 2.06/turn    w - +6 ring of dexterity
MPRegen 0.13/turn

%: no teleportation
@: no status effects
A: large, unfitting armour, claws 3, regeneration 1, shaggy fur 1, tough skin 1
}: 1/10 runes: barnacled
a: Renounce Religion, Berserk, Trog's Hand, Brothers in Arms


You were in the Dungeon.
You worshipped Trog.
Trog was extremely pleased with you.
You visited 1 branch You collected 2617 gold pieces.
You spent 1176 gold pieces at shops.

Inventory:

Missiles
 q - 7 javelins
 u - 7 curare-tipped darts
 x - 10 datura-tipped darts
Armour
 a - a +0 animal skin
 p - a +2 troll leather armour (worn) {Snorg}
 r - a +1 hat of see invisible (worn)
Jewellery
 v - the ring of Ymomnoni {rF+ rC- EV+5 Dex+2 SInv}
   (You bought it in a shop in the Dungeon)

   [ring of evasion]

   EV+5:      It affects your evasion (+5).
   Dex+2:     It affects your dexterity (+2).
   rF+:       It protects you from fire.
   rC-:       It makes you vulnerable to cold.
   SInv:      It lets you see invisible.
 w - a +6 ring of dexterity (right claw)
Wands
 g - a wand of flame (18)
 o - a wand of roots (18)
 y - a wand of quicksilver (5)
 z - a wand of digging (6)
Scrolls
 c - a scroll of fog {unknown}
 j - a scroll of poison {unknown}
 k - 12 scrolls of identify
 n - 3 scrolls of torment {unknown}
 A - a scroll of amnesia {unknown}
 B - a scroll of enchant armour {unknown}
Potions
 b - a potion of curing
 d - 3 potions of haste
 e - 2 potions of magic
 f - a potion of berserk rage
 h - 2 potions of brilliance {unknown}
 i - 4 potions of mutation {unknown}
 l - 2 potions of might {unknown}
 m - 4 potions of enlightenment
 s - a potion of lignification {unknown}
 t - 2 potions of invisibility


   Skills:
 + Level 17.8 Fighting
 + Level 17.6 Dodging
 + Level 20.5 Unarmed Combat


You had 12 spell levels left.
You didn't know any spells.
Your spell library was empty.

Dungeon Overview and Level Annotations

Branches:
Dungeon (1/1)

Altars:
Cheibriados
Dithmenos
Elyvilon
Fedhas
Gozag
Hepliaklqana
Kikubaaqudgha
Makhleb
Nemelex Xobeh
Okawaru
Qazlal
Ru
Sif Muna
Trog
Uskayaw
Vehumet
Wu Jian
Xom
Yredelemnul
Zin
The Shining One
Jiyva
Lugonu

Shops:
D =(!*

Annotations:
D exclusion: 2 doors


Innate Abilities, Weirdness & Mutations

You are too large for most types of armour.
You have claws for hands.
Your natural rate of healing is unusually fast.
You are covered in fur. (AC +1)
You have tough skin. (AC +1)


Message History

A slime creature comes into view.
The slime creature quivers.
You eviscerate the slime creature!!!
The slime creature is severely wounded.
The slime creature closely misses you.
You eviscerate the slime creature!!!
You kill the slime creature!
Trog accepts your kill. Trog grants you a weapon!
Something appears at your feet!
You see here a +2 lajatang of flaming.
Unknown command.
You open the door.
A +0 antimagic glaive and a +2 heavy glaive come into view.
Found a runed longbow.
Unknown command.
The +0 antimagic glaive hits you from afar!!
You feel your power leaking away.
The +2 heavy glaive hits you from afar!!
The +0 antimagic glaive hits you!!
You feel your power leaking away.
You closely miss the +0 antimagic glaive.
Your claw misses the +0 antimagic glaive.
The +0 antimagic glaive hits you!
You barely miss the +0 antimagic glaive.
The +2 heavy glaive misses you.
You eviscerate the +0 antimagic glaive!!!
The +0 antimagic glaive falls from the air.
Trog accepts your kill.
A +3 flail of protection and a +2 vampiric halberd come into view.
The +3 flail of protection hits you! The +2 heavy glaive hits you!!
The +2 vampiric halberd hits you from afar!!
* * * LOW HITPOINT WARNING * * *
The +3 flail of protection hits you!!
* * * LOW HITPOINT WARNING * * *
There is an open door to the Hall of Blades, spattered with blood here.
You see here a +0 antimagic glaive.
The +3 flail of protection attacks as it pursues you!
The +3 flail of protection hits you but does no damage.
The +2 heavy glaive hits you from afar!!
You die...

○)### ###..)....+
..'.# ##.#.#####.#
#######..'.# +.#
......'..#######.+
..########.. ..#.#
### #..#..#.# #.#
#.#.#.#.+ §§#
#.....#.# §§#
#...(.#@# ..#
#((.# ..# #..#.#
..# )....### #.#
###### #.. ... ...
####


You could see 2 dancing weapons.

Vanquished Creatures
  Rupert (D)
  A kraken (D)
  Gastronok (D)
  Dowan (D)
  A ghost moth (D)
  2 dire elephants (D)
  Snorg (D)
  2 hydras (D)
  2 alligator snapping turtles (D)
  A centaur warrior (D)
  4 death yaks (D)
  A dancing weapon (D)
  Urug (D)
  2 death drakes (D)
  A skeletal warrior (D)
  A spriggan druid (D)
  An orange crystal statue (D)
  A lindwurm (D)
  An orc knight (D)
  A deep elf pyromancer (D)
  2 orc sorcerers (D)
  2 black mambas (D)
  2 elephants (D)
  2 cane toads (D)
  Duvessa (D)
  An unseen horror (D)
  A rime drake (D)
  A komodo dragon (D)
  A queen bee (D)
  2 tyrant leeches (D)
  2 spriggan defenders (D)
  A hornet (D)
  An orc high priest (D)
  8 blink frogs (D)
  3 snapping turtles (D)
  A slime creature (D)
  A shadow (D)
  2 spriggans (D)
  3 redbacks (D)
  A spatial vortex (D)
  A floating eye (D)
  3 wandering mushrooms (D)
  A swamp drake (D)
  2 orc warriors (D)
  2 centaurs (D)
  2 black mamba simulacra (D)
  A swamp dragon skeleton (D)
  An earth elemental (D)
  A necrophage (D)
  A water elemental (D)
  A scorpion (D)
  29 killer bees (D)
  An electric eel (D)
  A jelly (D)
  4 orc priests (D)
  Jessica (D)
  A necromancer (D)
  A wizard (D)
  2 orc wizards (D)
  2 polar bear simulacra (D)
  3 humans (D)
  A kobold demonologist (D)
  9 orcs (D)
  An endoplasm (D)
  2 rats (D)
  A tentacle (D)
140 creatures vanquished.

Vanquished Creatures (collateral kills)
  An alligator snapping turtle (D)
  2 spriggan defenders (D)
  3 killer bees (D)
  A tentacle (D)
7 creatures vanquished.

Vanquished Creatures (others)
  An orc (D)
  10 tentacles (D)
11 creatures vanquished.

Grand Total: 158 creatures vanquished

Notes
Turn   | Place    | Note
-------+----------+-------------------------------------------
     0 | D        | sircluck the Troll Berserker began the quest for the Orb.
     0 | D        | Reached XP level 1. HP: 22/22 MP: 0/0
    11 | D        | Noticed Jessica
    16 | D        | Killed Jessica
    16 | D        | Reached ** piety under Trog
    17 | D        | Reached skill level 4 in Unarmed Combat
    17 | D        | Reached XP level 2. HP: 14/32 MP: 1/1
    20 | D        | Reached XP level 3. HP: 21/39 MP: 2/2
    79 | D        | Noticed a scorpion
    85 | D        | Killed a scorpion
    85 | D        | Reached *** piety under Trog
    86 | D        | Reached skill level 5 in Fighting
    86 | D        | Reached skill level 5 in Unarmed Combat
    86 | D        | Reached XP level 4. HP: 44/50 MP: 3/3
   120 | D        | Noticed a water elemental
   123 | D        | Killed a water elemental
   124 | D        | Reached skill level 5 in Dodging
   124 | D        | Reached skill level 6 in Unarmed Combat
   124 | D        | Reached XP level 5. HP: 58/58 MP: 4/4
   249 | D        | Found a radiant altar of Vehumet.
   249 | D        | Found a shimmering blue altar of Sif Muna.
   249 | D        | Found an ancient bone altar of Kikubaaqudgha.
   253 | D        | Reached skill level 7 in Unarmed Combat
   253 | D        | Noticed a neqoxec
   261 | D        | Reached **** piety under Trog
   291 | D        | Found a glowing silver altar of Zin.
   291 | D        | Found a glowing golden altar of the Shining One.
   291 | D        | Found a white marble altar of Elyvilon.
   292 | D        | Noticed a deep elf pyromancer
   298 | D        | Killed a deep elf pyromancer
   299 | D        | Reached skill level 9 in Unarmed Combat
   299 | D        | Reached XP level 6. HP: 42/72 MP: 5/5
   299 | D        | Reached XP level 7. HP: 47/80 MP: 6/6
   331 | D        | Found a hide-covered altar of Uskayaw.
   331 | D        | Found an iron altar of Okawaru.
   331 | D        | Found a bloodstained altar of Trog.
   331 | D        | Found an ornate altar of the Wu Jian Council.
   331 | D        | Noticed a human
   331 | D        | Noticed a human
   337 | D        | Killed a human
   338 | D        | Reached skill level 10 in Unarmed Combat
   339 | D        | Killed a human
   359 | D        | Found a basalt altar of Yredelemnul.
   359 | D        | Found a shadowy altar of Dithmenos.
   359 | D        | Found a sacrificial altar of Ru.
   362 | D        | Reached ***** piety under Trog
   374 | D        | Upgraded the game from 0.31-a0-799-g6bc09d010c to
                  | 0.31-a0-806-g0bc164a743
   374 | D        | Noticed a shadow
   377 | D        | Killed a shadow
   378 | D        | Reached XP level 8. HP: 92/92 MP: 7/7
   395 | D        | Found a blossoming altar of Fedhas.
   395 | D        | Found a stormy altar of Qazlal.
   395 | D        | Found a snail-covered altar of Cheibriados.
   395 | D        | Found a burning altar of Makhleb.
   395 | D        | Found a shimmering altar of Xom.
   396 | D        | Found a hazy altar of Hepliaklqana.
   396 | D        | Found an opulent altar of Gozag.
   396 | D        | Found a sparkling altar of Nemelex Xobeh.
   396 | D        | Found a corrupted altar of Lugonu.
   396 | D        | Found a viscous altar of Jiyva.
   403 | D        | Reached skill level 11 in Unarmed Combat
   415 | D        | Noticed Snorg
   423 | D        | Killed Snorg
   424 | D        | Reached skill level 10 in Fighting
   424 | D        | Reached skill level 10 in Dodging
   424 | D        | Reached skill level 12 in Unarmed Combat
   462 | D        | Received a gift from Trog
   463 | D        | Reached XP level 9. HP: 87/102 MP: 8/8
   477 | D        | Noticed a centaur warrior
   487 | D        | Killed a centaur warrior
   488 | D        | Reached skill level 13 in Unarmed Combat
   511 | D        | Killed an unseen horror
   720 | D        | Noticed a wandering mushroom
   724 | D        | Noticed a wandering mushroom
   726 | D        | Noticed a wandering mushroom
   740 | D        | Received a gift from Trog
   760 | D        | Noticed a cane toad
   760 | D        | Noticed a komodo dragon
   760 | D        | Noticed a cane toad
   765 | D        | Killed a cane toad
   768 | D        | Killed a komodo dragon
   769 | D        | Reached XP level 10. HP: 57/115 MP: 9/9
   769 | D        | Killed a cane toad
   770 | D        | Reached skill level 14 in Unarmed Combat
   909 | D        | Reached ****** piety under Trog
   931 | D        | Noticed a lindwurm
   937 | D        | Killed a lindwurm
   937 | D        | Received a gift from Trog
   954 | D        | Noticed Urug
   956 | D        | Killed Urug
   957 | D        | Reached skill level 15 in Unarmed Combat
  1035 | D        | Received a gift from Trog
  1051 | D        | Noticed an elephant
  1051 | D        | Noticed an elephant
  1054 | D        | Killed an elephant
  1054 | D        | Noticed a dire elephant
  1055 | D        | Noticed a dire elephant
  1055 | D        | Noticed Gastronok
  1062 | D        | Killed a dire elephant
  1063 | D        | Reached XP level 11. HP: 128/128 MP: 10/10
  1065 | D        | Killed a dire elephant
  1066 | D        | Reached skill level 16 in Unarmed Combat
  1077 | D        | Killed Gastronok
  1077 | D        | Received a gift from Trog
  1206 | D        | Received a gift from Trog
  1225 | D        | Received a gift from Trog
  1239 | D        | Reached skill level 17 in Unarmed Combat
  1240 | D        | Received a gift from Trog
  1301 | D        | Noticed Dowan
  1301 | D        | Noticed Duvessa
  1312 | D        | Killed Dowan
  1320 | D        | Killed Duvessa
  1320 | D        | Received a gift from Trog
  1321 | D        | Reached skill level 15 in Fighting
  1408 | D        | Noticed an orange crystal statue
  1531 | D        | Noticed an orc sorcerer
  1531 | D        | Noticed an orc sorcerer
  1531 | D        | Noticed an orc knight
  1534 | D        | Received a gift from Trog
  1546 | D        | Killed an orc sorcerer
  1547 | D        | Reached skill level 15 in Dodging
  1550 | D        | Noticed a sun demon
  1551 | D        | Killed an orc sorcerer
  1552 | D        | Received a gift from Trog
  1566 | D        | Found Vaoto's General Store.
  1568 | D        | Killed an orc knight
  1658 | D        | Bought a potion of invisibility for 80 gold pieces
  1658 | D        | Bought a potion of heal wounds for 50 gold pieces
  1658 | D        | Bought a potion of curing for 30 gold pieces
  1735 | D        | Noticed an azure jelly
  1735 | D        | Noticed an azure jelly
  1735 | D        | Noticed an azure jelly
  1735 | D        | Noticed an azure jelly
  1737 | D        | Noticed Rupert
  1750 | D        | Killed Rupert
  1751 | D        | Reached skill level 18 in Unarmed Combat
  1751 | D        | Reached XP level 12. HP: 144/144 MP: 11/11
  1797 | D        | Noticed a death yak
  1798 | D        | Noticed a death yak
  1799 | D        | Noticed a death yak
  1805 | D        | Noticed a death yak
  1806 | D        | Killed a death yak
  1813 | D        | Killed a death yak
  1816 | D        | Killed a death yak
  1816 | D        | Received a gift from Trog
  1822 | D        | Killed a death yak
  1869 | D        | Received a gift from Trog
  2024 | D        | Noticed a seven-headed hydra
  2024 | D        | Noticed a five-headed hydra
  2132 | D        | Killed a ten-headed hydra
  2133 | D        | Reached skill level 19 in Unarmed Combat
  2136 | D        | Killed an eight-headed hydra
  2220 | D        | Noticed a kraken
  2285 | D        | Killed a kraken
  2365 | D        | Noticed an alligator snapping turtle
  2365 | D        | Noticed an alligator snapping turtle
  2377 | D        | Killed an alligator snapping turtle
  2377 | D        | Received a gift from Trog
  2381 | D        | Killed an alligator snapping turtle
  2426 | D        | Found Jeukhir's Jewellery Emporium.
  2426 | D        | Found Nuzib's Antique Weapon Shop.
  2426 | D        | Found Zuisch's Distillery.
  2426 | D        | Noticed an alligator snapping turtle
  2442 | D        | Killed an alligator snapping turtle
  2487 | D        | Got a barnacled rune of Zot
  2489 | D        | Bought a potion of heal wounds for 55 gold pieces
  2492 | D        | Bought the ring of Ymomnoni {rF+ rC- EV+5 Dex+2 SInv} for
                  | 565 gold pieces
  2492 | D        | Bought a +6 ring of dexterity for 396 gold pieces
  2519 | D        | Found a blossoming altar of Fedhas.
  2528 | D        | Received a gift from Trog
  2528 | D        | Found the +9 sword of Power {lifebolt}
  2531 | D        | Reached skill level 20 in Unarmed Combat
  2541 | D        | Noticed a ghost moth
  2549 | D        | Killed a ghost moth
  2550 | D        | Reached XP level 13. HP: 86/157 MP: 0/12
  2663 | D        | Received a gift from Trog
  3925 | D        | Received a gift from Trog
  3939 | D        | Found the +27 heavy crossbow "Sniper" {heavy, Acc+∞ SInv}
  3947 | D        | Mangled by a +2 heavy glaive

Illustrated notes

Levels and vault maps discovered:
D:        dungeon_sprint_mu [sprint_mu_entry_forest, sprint_mu_temple_rooms,
          sprint_mu_d1_horrors, sprint_mu_d2_genie, sprint_mu_d3_branching,
          sprint_mu_orc_legion, sprint_mu_elf_gauntlet, sprint_mu_hive_nellie,
          sprint_mu_lair_fedhas, sprint_mu_vaults_butterflies,
          sprint_mu_slime_circle, sprint_mu_swamp_cave, sprint_mu_shoals_kraken,
          sprint_mu_blade_basic, sprint_mu_crypt_lich, sprint_mu_tomb_spiral,
          sprint_mu_vestibule_basic, sprint_mu_gehenna_hellfire,
          sprint_mu_dis_giant, sprint_mu_tartarus_statrot,
          sprint_mu_cocytus_islands, sprint_mu_zot1]

Skill      XL: |  1  2  3  4  5  6  7  8  9 10 11 12 |
---------------+-------------------------------------+-----
Fighting       | 3 5 8 9 10 11 13 15 17 | 17.8
Dodging        | 3 4 5 8 9 10 11 13 15 17 | 17.6
Unarmed Combat | 4 5 6 9 10 12 13 15 18 20 | 20.5

Action                     |  1- 3 |  4- 6 |  7- 9 | 10-12 | 13-15 || total
---------------------------+-------+-------+-------+-------+-------++-------
  Melee: Unarmed           |    24 |    19 |    69 |   308 |    56 ||   476
         Punch             |       |     2 |     4 |    34 |     7 ||    47
 Invoke: Berserk           |       |     1 |     2 |    10 |     1 ||    14
         Brothers in Arms  |       |       |       |     4 |     1 ||     5
    Use: Potion            |       |       |       |       |     5 ||     5
         Scroll            |       |       |       |       |     1 ||     1
   Stab: Confused          |       |       |       |     1 |       ||     1
 Armour: Animal skin       |    16 |    14 |    16 |       |       ||    46
         Troll leather arm |       |       |    44 |   183 |    46 ||   273
  Dodge: Dodged            |     5 |     3 |    31 |   166 |    18 ||   223

Table legend: (Time is in decaauts)
 A = Elapsed time spent in this place.
 B = Non-inter-level travel time spent in this place.
 C = Inter-level travel time spent in this place.
 D = Time resting spent in this place.
 E = Time spent auto-exploring this place.
 F = Levels seen in this place.
 G = Mean time per level.
                   A        B        C        D        E       F      G
               +--------+--------+--------+--------+--------+-----+--------+
         Total |   3959 |   3609 |    350 |   2316 |    185 |   1 | 3959.0 |
       Dungeon |   3959 |   3609 |    350 |   2316 |    185 |   1 | 3959.0 |
               +--------+--------+--------+--------+--------+-----+--------+

Top non-repeatable levels by time:
       D: 3959 daAuts
